 Dungeon Crawl Stone Soup version 0.28-a0-730-g892d06dc2c (webtiles) character file.

Game seed: 15637795110766292117

72 cheechan the Chopper (level 4, 0/40 HPs)
             Began as a Naga Gladiator on Oct 28, 2021.
             Slain by a gnoll (1 damage)
             ... on level 3 of the Dungeon.
             The game lasted 00:05:11 (1501 turns).

cheechan the Chopper (Naga Gladiator)               Turns: 1501, Time: 00:05:12

Health: 0/40       AC:  4    Str: 17    XL:     4   Next: 26%
Magic:  4/4        EV: 10    Int:  8    God:
Gold:   104        SH:  0    Dex: 13    Spells: 2/3 levels left

rFire   . . .      SeeInvis +   a - +0 war axe
rCold   . . .      Faith    .   (no shield)
rNeg    . . .      Spirit   .   b - +0 leather armour
rPois   +          Reflect  .   c - +0 helmet
rElec   .          Harm     .   (no cloak)
rCorr   .          Rampage  .   (no gloves)
Will    .....                   (no barding)
Stlth   +.........              (no amulet)
HPRegen 0.13/turn               (no ring)
MPRegen 0.09/turn               (no ring)

@: very slow
A: AC +1, large, see invisible, deformed body, poison resistance, slowness 2,
spit poison 1, naga tail 1
a: Spit Poison


You were on level 3 of the Dungeon.
You visited 1 branch of the dungeon, and saw 3 of its levels.

You collected 104 gold pieces.

Inventory:

Hand Weapons
 a - a +0 war axe (weapon)
 e - a +0 hand axe
 n - a +0 morningstar
 p - a +0 hunting sling
Missiles
 d - 3 throwing nets
 f - 55 arrows
 h - 62 stones
 k - 12 bolts
 o - 10 poisoned darts
Armour
 b - a +0 leather armour (worn)
 c - a +0 helmet (worn)
Magical Staves
 m - a staff of cold
Scrolls
 g - a scroll of identify
Potions
 i - a potion of haste
 j - a potion of flight
 l - a potion of cancellation


   Skills:
 + Level 2.4 Fighting
 + Level 4.0 Axes
 + Level 1.9 Throwing
 + Level 1.0 Armour
 + Level 2.8 Dodging
 + Level 0.2 Stealth


You had 2 spell levels left.
You knew the following spells:

 Your Spells              Type           Power      Damage    Failure   Level
a - Pain                  Necr           0%         1d4       45%         1

Your spell library contained the following spells:

 Spells                   Type           Power      Damage    Failure   Level
 Agony                    Necr           0%         N/A       100%        5
 Excruciating Wounds      Necr           0%         N/A       100%        5


Dungeon Overview and Level Annotations

Branches:
Dungeon (3/15)

Altars:
Fedhas


Innate Abilities, Weirdness & Mutations

Your serpentine skin is tough. (AC +1)
You have supernaturally acute eyesight. (SInv)
Armour fits poorly on your strangely shaped body.
Your system is resistant to poisons. (rPois)
You cover ground very slowly.
You can spit poison.
You have a snake-like lower body.


Message History

You barely miss the gnoll.
The gnoll is severely wounded.
The gnoll barely misses you. x2; The gnoll hits you with a +0 club.
The gnoll closely misses you.
You slash the gnoll!
You kill the gnoll!
The gnoll hits you from afar with a +0 spear.
* * * LOW HITPOINT WARNING * * *
Your Axes skill increases to level 4!
Abil: Spit Poison
Press: ? - help, Q - select action, (/) - cycle Shift-Dir - straight line, f - gnoll
Aim: a gnoll, wielding a +0 spear The splash of poison hits the gnoll.
The gnoll is poisoned.
The gnoll is lightly wounded.
The gnoll hits you from afar with a +0 spear.
* * * LOW HITPOINT WARNING * * *
The gnoll barely misses you.
Items here: )) ††.
You closely miss the gnoll.
The gnoll is lightly wounded.
The gnoll hits you with a +0 spear.
* * * LOW HITPOINT WARNING * * *
The gnoll closely misses you.
You barely miss the gnoll.
The gnoll is lightly wounded.
The gnoll misses you.
You barely miss the gnoll.
The gnoll is moderately wounded.
You have got your breath back.
The gnoll looks more healthy.
The gnoll hits you with a +0 spear.
* * * LOW HITPOINT WARNING * * *
You hit the gnoll.
The gnoll is moderately wounded.
The gnoll closely misses you.
You hit the gnoll but do no damage.
The gnoll is moderately wounded.
The gnoll hits you with a +0 spear.
* * * LOW HITPOINT WARNING * * *
The gnoll hits you with a +0 spear.
You die...

### #######.# #.@.....#
#g#####.# ... #.#
#################.#
#.................#########
#.###############.........#
#.# #....# #.........# #.#
#....#####.........# #.#
#..................#


You could see a gnoll.

Vanquished Creatures
  2 gnolls (D:3)
  2 adders (D:2)
  2 worms (D:2)
  An orc (D:3)
  2 endoplasms
  A giant cockroach (D:2)
  4 hobgoblins (D:1)
  2 quokkas
  4 ball pythons
  2 bats (D:1)
  3 frilled lizards
  A goblin (D:2)
  2 kobolds (D:2)
  5 rats
33 creatures vanquished.

Vanquished Creatures (others)
  A fungus (D:1)
  A plant (D:1)
2 creatures vanquished.

Grand Total: 35 creatures vanquished

Notes
Turn   | Place    | Note
-------+----------+-------------------------------------------
     0 | D:1      | cheechan the Naga Gladiator began the quest for the Orb.
     0 | D:1      | Reached XP level 1. HP: 19/19 MP: 1/1
   235 | D:1      | Reached XP level 2. HP: 22/26 MP: 2/2
   475 | D:1      | Found a faded altar of an unknown god.
   694 | D:2      | Reached XP level 3. HP: 30/32 MP: 3/3
   775 | D:2      | Learned a level 1 spell: Pain
  1267 | D:2      | Reached skill level 1 in Armour
  1372 | D:2      | Found a blossoming altar of Fedhas.
  1493 | D:3      | Reached XP level 4. HP: 19/40 MP: 4/4
  1495 | D:3      | Reached skill level 4 in Axes
  1501 | D:3      | HP: 1/40 [gnoll (3)]
  1501 | D:3      | Slain by a gnoll

Illustrated notes

Levels and vault maps discovered:
D:1:      shiori_arrival_oz, layout_basic,
          dreamdust_ecumenical_altar_hidden_monk_grotto, minivault_4
D:2:      minmay_general_purpose_star, layout_basic, basic_altar
D:3:      layout_basic, uniq_natasha

Skill      XL: |  1  2  3  4 |
---------------+-------------+-----
Armour         | 1 |  1.0
Axes           | 4 |  4.0
Fighting       | |  2.4
Throwing       | |  1.9
Dodging        | |  2.8
Stealth        | |  0.2

Action                   |  1- 3 |  4- 6 || total
-------------------------+-------+-------++-------
Melee: War axe           |    81 |     7 ||    88
Throw: Throwing net      |     1 |       ||     1
 Abil: Spit Poison       |     4 |     1 ||     5
  Use: Scroll            |     6 |       ||     6
Armor: Leather armour    |    14 |       ||    14
Dodge: Dodged            |    48 |     7 ||    55

Table legend: (Time is in decaauts)
 A = Elapsed time spent in this place.
 B = Non-inter-level travel time spent in this place.
 C = Inter-level travel time spent in this place.
 D = Time resting spent in this place.
 E = Time spent auto-exploring this place.
 F = Levels seen in this place.
 G = Mean time per level.
                   A        B        C        D        E       F      G
               +--------+--------+--------+--------+--------+-----+--------+
         Total |   1992 |   1992 |      0 |    186 |      0 |   3 |  664.0 |
       Dungeon |   1992 |   1992 |      0 |    186 |      0 |   3 |  664.0 |
               +--------+--------+--------+--------+--------+-----+--------+

Top non-repeatable levels by time:
     D:2: 954 daAuts
     D:1: 913 daAuts
     D:3: 124 daAuts
